[Event "ICC tourney 2520 (60 10)"]
[Site "Internet Chess Club"]
[Date "2021.04.18"]
[Round "6"]
[White "Zinder, Eyden:EydenZ"]
[Black "WARREN, MICHAEL C:c30mw"]
[Result "1-0"]
[ICCResult "Black checkmated"]
[WhiteElo "647"]
[BlackElo "264"]
[Opening "Giuoco Piano"]
[ECO "C54"]
[NIC "IG.02"]
[Time "16:32:52"]
[PlyCount "55"]
[TimeControl "3600+10"]

1. e4 e5 2. Nf3 Nc6 3. Bc4 Bc5 4. c3 Nf6 5. d4 exd4 6. cxd4 Bb4+ 7. Bd2
Nxe4 8. Bxb4 Nxb4 9. Qb3 Qe7 10. O-O d5 11. Be2 Be6 12. Re1 Nc6 13. Bd3 O-O
14. Qxb7 Qd6 15. Bxe4 dxe4 16. Rxe4 Bf5 17. Re2 Bd3 18. Re1 Rfe8 19. Rxe8+
Rxe8 20. Qb3 Qxd4 21. Nbd2 Qd6 22. Ng5 Qe7 23. Ngf3 Rd8 24. Re1 Qc5 25. Ng5
Qxg5 26. Qxd3 h6 27. Qc2 Rxd2 28. Re8# { Black checkmated } 1-0

[Event "ICC tourney 2520 (60 10)"]
[Site "Internet Chess Club"]
[Date "2021.04.18"]
[Round "6"]
[White "FOFANA, OMAR:HVOumar"]
[Black "CHAN, IVANA ROSE:ivanachan"]
[Result "0-1"]
[ICCResult "White checkmated"]
[WhiteElo "430"]
[BlackElo "739"]
[Opening "Giuoco Piano"]
[ECO "C50"]
[NIC "IG.02"]
[Time "16:32:49"]
[PlyCount "88"]
[TimeControl "3600+10"]

1. e4 e5 2. Nf3 Nc6 3. Bc4 Bc5 4. O-O Nf6 5. Nc3 O-O 6. d3 h6 7. Ng5 hxg5
8. Bxg5 Be7 9. Qf3 Nh7 10. Be3 b6 11. Qg3 Bg5 12. Bc1 Bxc1 13. Raxc1 Nd4
14. Rcd1 d6 15. Rde1 Be6 16. Ba6 Rb8 17. Re3 Nxc2 18. Rf3 Ng5 19. Re3 Nxe3
20. Qxe3 f5 21. exf5 Bxf5 22. Ne4 Nxe4 23. dxe4 Be6 24. Be2 Qf6 25. a3 Qg6
26. Rc1 c5 27. Qg3 Qxe4 28. Bd3 Qd5 29. Rd1 c4 30. Bc2 Bf5 31. Rc1 Bxc2 32.
Rf1 a5 33. Qc3 Bb3 34. Qg3 b5 35. Qg6 Rf6 36. Qg5 b4 37. a4 Bxa4 38. Qh5 c3
39. bxc3 bxc3 40. g3 c2 41. f4 Rb1 42. Rxb1 cxb1=Q+ 43. Qd1 Qbxd1+ 44. Kf2
Q5f3# { White checkmated } 0-1

[Event "ICC tourney 2520 (60 10)"]
[Site "Internet Chess Club"]
[Date "2021.04.18"]
[Round "6"]
[White "REGELMANN, QUINN:Qregelmann"]
[Black "MOGHE, ARJUN CHAITANYA:Galactico7"]
[Result "1-0"]
[ICCResult "Black checkmated"]
[WhiteElo "774"]
[BlackElo "340"]
[Opening "Giuoco Pianissimo: Italian four knights variation"]
[ECO "C47"]
[NIC "KP.06"]
[Time "16:32:42"]
[PlyCount "43"]
[TimeControl "3600+10"]

1. e4 e5 2. Nf3 Nc6 3. Nc3 Nf6 4. Bc4 Bc5 5. d3 O-O 6. Bg5 Be7 7. Be3 Na5
8. Bd5 Nxd5 9. exd5 Bf6 10. a3 b6 11. O-O c6 12. d6 Nb7 13. Ne4 Re8 14. Bg5
Bxg5 15. Nfxg5 h6 16. Qh5 hxg5 17. Nxg5 Nxd6 18. Qh7+ Kf8 19. Qh8+ Ke7 20.
Qxg7 Rg8 21. Qxe5+ Kf8 22. Nh7# { Black checkmated } 1-0

[Event "ICC tourney 2520 (60 10)"]
[Site "Internet Chess Club"]
[Date "2021.04.18"]
[Round "6"]
[White "RYSIN, MARK G:LionsMarkR"]
[Black "HARTSEL, AUGUST:augustha"]
[Result "1-0"]
[ICCResult "Black checkmated"]
[WhiteElo "795"]
[BlackElo "670"]
[Opening "French: advance, Nimzovich system"]
[ECO "C02"]
[NIC "FR.03"]
[Time "16:33:29"]
[PlyCount "49"]
[TimeControl "3600+10"]

1. e4 e6 2. d4 d5 3. e5 c5 4. Nf3 Nc6 5. Bb5 Bd7 6. c3 Qb6 7. Bxc6 Bxc6 8.
O-O Ne7 9. Nbd2 Nf5 10. Nb3 c4 11. Nbd2 Be7 12. Re1 O-O 13. Nf1 Nh4 14.
Nxh4 Bxh4 15. Qg4 Bxf2+ 16. Kxf2 Kh8 17. Kg1 Ba4 18. Re3 h6 19. Rh3 Bc2 20.
Bxh6 gxh6 21. Rxh6+ Bh7 22. Qh5 Qxb2 23. Rxh7+ Kg8 24. Rh8+ Kg7 25. Qh6# {
Black checkmated } 1-0

[Event "ICC tourney 2520 (60 10)"]
[Site "Internet Chess Club"]
[Date "2021.04.18"]
[Round "6"]
[White "TOSSOU, FAVOR:RYCSFavor"]
[Black "PARAOAN, HADLEY:Bigcitypanda"]
[Result "0-1"]
[ICCResult "White resigns"]
[WhiteElo "292"]
[BlackElo "479"]
[Opening "Giuoco Pianissimo: Italian four knights variation"]
[ECO "C55"]
[NIC "IG.01"]
[Time "16:32:49"]
[PlyCount "90"]
[TimeControl "3600+10"]

1. e4 e5 2. Nf3 Nc6 3. Bc4 Nf6 4. Nc3 Bc5 5. d3 O-O 6. O-O d6 7. Bd2 Bg4 8.
h3 Bh5 9. g4 Bg6 10. Rc1 Qe7 11. Nd5 Nxd5 12. Bxd5 Rab8 13. Bg5 Qe8 14. c3
h6 15. Bd2 Qc8 16. Qe2 Bh7 17. Rfe1 h5 18. g5 Qxh3 19. Red1 Ne7 20. Bc4 b5
21. Bb3 Qg4+ 22. Kh1 h4 23. Re1 h3 24. Rg1 Qh5 25. Rce1 c6 26. Nh2 Qg6 27.
Rg3 d5 28. exd5 cxd5 29. Rxh3 Qf5 30. Rf3 Qg6 31. Rh3 f6 32. gxf6 Rxf6 33.
Rg1 Qf5 34. Rhg3 Rg6 35. Rxg6 Nxg6 36. Bxd5+ Kh8 37. Rg5 Qxf2 38. Qxf2 Bxf2
39. Rf5 Bg3 40. Nf3 Rf8 41. Rxf8+ Nxf8 42. Ng5 Bxd3 43. Kg2 Bh4 44. Nf7+
Kh7 45. b4 Ng6 { White resigns } 0-1

[Event "ICC tourney 2520 (60 10)"]
[Site "Internet Chess Club"]
[Date "2021.04.18"]
[Round "6"]
[White "ALBANO, MILES:MrAnalysis"]
[Black "GOLDSAND, MAX:MaxGR"]
[Result "1/2-1/2"]
[ICCResult "Game drawn by mutual agreement"]
[WhiteElo "623"]
[BlackElo "654"]
[Opening "Sicilian"]
[ECO "B50"]
[NIC "SI.01"]
[Time "16:33:34"]
[PlyCount "102"]
[TimeControl "3600+10"]

1. e4 c5 2. Nf3 d6 3. Nc3 Nf6 4. Bb5+ Bd7 5. Bxd7+ Nbxd7 6. O-O g6 7. d3
Bg7 8. Bg5 O-O 9. Bxf6 Bxf6 10. Qe2 Ne5 11. Nxe5 Bxe5 12. Rfe1 Bg7 13. Qf3
Rc8 14. Qh3 e6 15. Re3 Bd4 16. Rg3 Bxc3 17. bxc3 Rc7 18. Qh6 f6 19. Re1 Qd7
20. h3 Qg7 21. Qxg7+ Kxg7 22. d4 cxd4 23. cxd4 Rxc2 24. Ra3 a6 25. e5 fxe5
26. dxe5 d5 27. Rb1 Rc7 28. Rab3 Rb8 29. Kf1 Kf7 30. Ke2 Rd7 31. Ke3 Rc7
32. Kf4 h6 33. g4 g5+ 34. Kg3 b5 35. a4 Rc5 36. h4 Kg6 37. hxg5 hxg5 38.
axb5 Rcxb5 39. Rxb5 Rxb5 40. Ra1 a5 41. Kf3 Rb3+ 42. Ke2 Rb2+ 43. Ke3 Rb5
44. f4 Kh6 45. f5 exf5 46. gxf5 Rb7 47. Rf1 Kg7 48. Kd4 Rd7 49. f6+ Kf7 50.
Kd3 Ke6 51. Kd2 Kf7 { Game drawn by mutual agreement } 1/2-1/2

[Event "ICC tourney 2520 (60 10)"]
[Site "Internet Chess Club"]
[Date "2021.04.18"]
[Round "6"]
[White "HASAN, ALEENA:AleenaHps139"]
[Black "KANG, LAUREN SEYIN:earlcat"]
[Result "1/2-1/2"]
[ICCResult "Game drawn by mutual agreement"]
[WhiteElo "100"]
[BlackElo "409"]
[Opening "Queen's bishop game"]
[ECO "D02"]
[NIC "QP.08"]
[Time "16:32:59"]
[PlyCount "107"]
[TimeControl "3600+10"]

1. d4 d5 2. Nf3 Nf6 3. Bf4 Bg4 4. e3 Bxf3 5. Qxf3 e6 6. Bb5+ Nbd7 7. Ba4
Bb4+ 8. c3 Be7 9. Nd2 O-O 10. O-O Nb6 11. Bb3 Bd6 12. Bg5 Be7 13. Qg3 Ne4
14. Nxe4 dxe4 15. Bh6 Bf6 16. Bf4 Qd7 17. c4 Rac8 18. c5 Nd5 19. Bxd5 exd5
20. Rac1 c6 21. Rc3 b6 22. cxb6 axb6 23. Rb3 Ra8 24. Rxb6 Rxa2 25. Bc7 Rc8
26. Bf4 Rca8 27. Bg5 Bxg5 28. Qxg5 Ra1 29. h3 Rxf1+ 30. Kxf1 Qd8 31. Qxd8+
Rxd8 32. Rxc6 Rb8 33. Rc2 f6 34. Ke2 Kf7 35. Kd1 Ke6 36. Kc1 f5 37. f4 Kf6
38. Rc3 g5 39. fxg5+ Kxg5 40. g3 h5 41. h4+ Kg4 42. b3 Kxg3 43. Kb2 Kxh4
44. Ka3 Kh3 45. b4 Kg2 46. Ka4 h4 47. b5 h3 48. Rc1 Rg8 49. b6 Rb8 50. Ka5
h2 51. Ka6 Kf2 52. Rh1 Kg2 53. Rxh2+ Kxh2 54. b7 { Game drawn by mutual
agreement } 1/2-1/2

[Event "ICC tourney 2520 (60 10)"]
[Site "Internet Chess Club"]
[Date "2021.04.18"]
[Round "6"]
[White "WANG, WYTHE:megaespeon"]
[Black "Feldman, Julian:DaltonTiger"]
[Result "0-1"]
[ICCResult "White checkmated"]
[WhiteElo "578"]
[BlackElo "246"]
[Opening "Queen's pawn, Mason variation"]
[ECO "D00"]
[NIC "QP.08"]
[Time "16:32:53"]
[PlyCount "56"]
[TimeControl "3600+10"]

1. d4 d5 2. Bf4 Nc6 3. e3 Nf6 4. Bd3 Bd7 5. c3 e6 6. Nf3 Be7 7. Nbd2 O-O 8.
Bb1 h5 9. Qc2 g6 10. Bh6 Re8 11. O-O Ng4 12. Bf4 Bf8 13. h3 Nh6 14. Bxh6
Bxh6 15. g4 hxg4 16. hxg4 e5 17. Nxe5 Nxe5 18. dxe5 Bxg4 19. f3 Be6 20. Kf2
Qh4+ 21. Ke2 Bd7 22. a3 Rxe5 23. Ba2 Rxe3+ 24. Kd1 Qh2 25. Re1 Bf5 26. Qb3
Rd3 27. Kc2 Rd4+ 28. Kc1 Qxd2# { White checkmated } 0-1

[Event "ICC tourney 2520 (60 10)"]
[Site "Internet Chess Club"]
[Date "2021.04.18"]
[Round "6"]
[White "CHANG, PARKER:parkercps33"]
[Black "MUREN, MILES W:GryffindorChess"]
[Result "1-0"]
[ICCResult "Black checkmated"]
[WhiteElo "332"]
[BlackElo "626"]
[Opening "Hungarian defense"]
[ECO "C50"]
[NIC "IG.03"]
[Time "16:35:12"]
[PlyCount "59"]
[TimeControl "3600+10"]

1. e4 e5 2. Nf3 Nc6 3. Bc4 Be7 4. c3 Nf6 5. d3 O-O 6. Nbd2 Bc5 7. Nf1 Ng4
8. d4 exd4 9. cxd4 Bb4+ 10. Bd2 Bxd2+ 11. Qxd2 Re8 12. Ng3 d5 13. O-O dxc4
14. Nh5 Rxe4 15. h3 Nh6 16. Ng5 Rxd4 17. Qe3 Be6 18. Nxe6 fxe6 19. Qg3 Nf5
20. Qf3 Qg5 21. Qe2 e5 22. Rfd1 Rh4 23. g3 Rxh5 24. h4 Nxh4 25. Rd7 Nf5 26.
Kf1 Rh1+ 27. Kg2 Rxa1 28. f4 exf4 29. Qe6+ Kf8 30. Qf7# { Black checkmated
} 1-0

[Event "ICC tourney 2520 (60 10)"]
[Site "Internet Chess Club"]
[Date "2021.04.18"]
[Round "6"]
[White "CHUGANI, ASHVIN:Ashvinc"]
[Black "Cruz, Hyland:HydeCruz"]
[Result "0-1"]
[ICCResult "White checkmated"]
[WhiteElo "549"]
[BlackElo "703"]
[Opening "Vienna gambit"]
[ECO "C29"]
[NIC "VG.04"]
[Time "16:32:58"]
[PlyCount "86"]
[TimeControl "3600+10"]

1. e4 e5 2. Nc3 Nf6 3. f4 Nc6 4. fxe5 Nxe5 5. d4 Nc6 6. Nf3 Bb4 7. Bg5 d6
8. Qd2 h6 9. Bh4 g5 10. Bf2 Nxe4 11. Qe2 d5 12. Qe3 Be6 13. Rb1 Qd7 14. Bb5
Bxc3+ 15. bxc3 O-O-O 16. Ne5 Qd6 17. Nxc6 bxc6 18. Ba6+ Kd7 19. O-O h5 20.
Rfd1 g4 21. Bh4 Rdg8 22. g3 Qa3 23. Rb3 Qxa6 24. Qf4 Qxa2 25. Rb7 Rc8 26.
Bf6 Rhg8 27. Be5 Qa5 28. Kg2 f6 29. Bxf6 Nxf6 30. Qxf6 Qxc3 31. Kf2 Rcf8
32. Qf4 Rxf4+ 33. gxf4 Qf3+ 34. Ke1 g3 35. hxg3 Rxg3 36. Rd3 Rg1+ 37. Kd2
Qf2+ 38. Kc3 Qe1+ 39. Rd2 Rg3+ 40. Kb2 Qxd2 41. Rxc7+ Kxc7 42. f5 Qb4+ 43.
Ka1 Ra3# { White checkmated } 0-1

[Event "ICC tourney 2520 (60 10)"]
[Site "Internet Chess Club"]
[Date "2021.04.18"]
[Round "6"]
[White "WANG, ARSTON:randomplayer533"]
[Black "LAM, MILES:LionsMilesL"]
[Result "1-0"]
[ICCResult "Black checkmated"]
[WhiteElo "757"]
[BlackElo "557"]
[Opening "Queen's pawn game"]
[ECO "A46"]
[NIC "QP.05"]
[Time "16:33:03"]
[PlyCount "49"]
[TimeControl "3600+10"]

1. d4 Nf6 2. Nf3 e6 3. Bf4 d5 4. Nbd2 c5 5. c3 Nc6 6. e3 Bd7 7. h3 Be7 8.
Bd3 O-O 9. O-O h6 10. Qe2 Qb6 11. Rab1 c4 12. Bc2 Rac8 13. e4 dxe4 14. Nxe4
Nxe4 15. Bxe4 Na5 16. Bc2 Bb5 17. Rfd1 Nc6 18. a4 Ba6 19. Qe4 g6 20. Bxh6
Rfd8 21. Ne5 Bf6 22. Nxf7 Kxf7 23. Qxg6+ Ke7 24. Qh7+ Ke8 25. Bg6# { Black
checkmated } 1-0

[Event "ICC tourney 2520 (60 10)"]
[Site "Internet Chess Club"]
[Date "2021.04.18"]
[Round "6"]
[White "SHRESTHA, AYAN:knight-vision"]
[Black "LIGHTMAN, ZELDA ANNE:ZeldaLightman"]
[Result "1-0"]
[ICCResult "Black checkmated"]
[WhiteElo "283"]
[BlackElo "493"]
[Opening "Giuoco Piano: four knights variation"]
[ECO "C28"]
[NIC "VG.02"]
[Time "16:32:49"]
[PlyCount "133"]
[TimeControl "3600+10"]

1. e4 e5 2. Bc4 Nf6 3. Nc3 Nc6 4. Nf3 Bc5 5. O-O O-O 6. d3 d6 7. Bg5 h6 8.
Bxf6 Qxf6 9. Nd5 Qd8 10. g3 Bg4 11. Ne3 Bxe3 12. fxe3 Na5 13. b4 Nxc4 14.
dxc4 c6 15. Kg2 Qe7 16. h3 Bxf3+ 17. Rxf3 Rad8 18. Qe2 Rd7 19. Raf1 Rfd8
20. R1f2 f6 21. Qf1 Rf8 22. Rf5 Qd8 23. Qe2 Rdf7 24. Qh5 c5 25. bxc5 dxc5
26. Rf1 Qd7 27. Rd1 Qxd1 28. Qxd1 a6 29. Qd5 b5 30. cxb5 axb5 31. Qxc5 Rb8
32. a3 Rff8 33. Qd5+ Rf7 34. Qd6 Rff8 35. Rf1 Rfd8 36. Qe6+ Kf8 37. Qxe5
Rdc8 38. Rc1 Rb7 39. Qb2 Re8 40. a4 b4 41. a5 Rxe4 42. Kf3 Rc4 43. a6 Rb6
44. a7 Rc8 45. Qd4 Rb5 46. Qe4 Ra5 47. Qb7 Rd8 48. Qc7 Ra8 49. Qxa5 g5 50.
Rb1 h5 51. Rxb4 g4+ 52. hxg4 hxg4+ 53. Kxg4 Kf7 54. Rb7+ Ke6 55. c4 f5+ 56.
Kf4 Kd6 57. Qxf5 Kc6 58. Qd7+ Kc5 59. Rb5+ Kxc4 60. Qc6+ Kd3 61. Qxa8 Ke2
62. Qf3+ Kd3 63. a8=Q Kc4 64. Qa4+ Kd3 65. Rb3+ Kd2 66. Qa2+ Ke1 67. Rb1# {
Black checkmated } 1-0

[Event "ICC tourney 2520 (60 10)"]
[Site "Internet Chess Club"]
[Date "2021.04.18"]
[Round "6"]
[White "FLEISCHAUER, LEO:LeoFps130"]
[Black "Mazur, Hudson:hmnyc"]
[Result "0-1"]
[ICCResult "White resigns"]
[WhiteElo "607"]
[BlackElo "682"]
[Opening "Queen's pawn: stonewall attack"]
[ECO "D00"]
[NIC "QP.08"]
[Time "16:32:41"]
[PlyCount "86"]
[TimeControl "3600+10"]

1. d4 d5 2. e3 Nf6 3. Bd3 Nc6 4. f4 Bg4 5. Nf3 e6 6. O-O Bd6 7. Nc3 O-O 8.
h3 Bh5 9. Bd2 Re8 10. Be1 Be7 11. Bh4 Nd7 12. Bxe7 Qxe7 13. Qe1 Rad8 14.
Qh4 Bxf3 15. Qxe7 Rxe7 16. Rxf3 f6 17. Bb5 a6 18. Bxc6 bxc6 19. Ne2 c5 20.
dxc5 Nxc5 21. b4 Ne4 22. Nd4 Rd6 23. f5 e5 24. Nb3 Rc6 25. Rc1 Nc3 26. Na5
Rb6 27. a3 Ne2+ 28. Kf2 Nxc1 29. Ke1 Na2 30. Kd2 Re8 31. Rf1 Nxb4 32. axb4
Rxb4 33. Nb3 d4 34. e4 Rd8 35. Kd3 Rc8 36. Na5 c5 37. Nc4 Ra8 38. Ra1 h5
39. g3 Kh7 40. h4 Kh6 41. Ra5 g5 42. fxg6 Kxg6 43. Rxc5 Rb1 { White resigns
} 0-1

[Event "ICC tourney 2520 (60 10)"]
[Site "Internet Chess Club"]
[Date "2021.04.18"]
[Round "6"]
[White "BELYAKOV, KSENIA:SAKseniaB"]
[Black "Day, Abbott:c30ad"]
[Result "0-1"]
[ICCResult "White checkmated"]
[WhiteElo "115"]
[BlackElo "455"]
[Opening "Réti opening"]
[ECO "A06"]
[NIC "QP.09"]
[Time "16:32:48"]
[PlyCount "146"]
[TimeControl "3600+10"]

1. Nf3 d5 2. Nc3 Nc6 3. g3 e5 4. Bg2 Bf5 5. d3 Bc5 6. e3 Nf6 7. O-O Qd7 8.
d4 exd4 9. exd4 Be7 10. Re1 O-O 11. Nh4 Be6 12. Bg5 Ng4 13. Bxe7 Nxe7 14.
f3 Nf6 15. f4 Nc6 16. f5 Bxf5 17. Rf1 Bh3 18. Bxh3 Qxh3 19. Nf5 g6 20. Nh4
Ng4 21. Nf3 Ne3 22. Qe2 Nxf1 23. Rxf1 Rae8 24. Qd2 Na5 25. Nxd5 Nc4 26.
Nf6+ Kh8 27. Qg5 Re6 28. Nh4 Ne3 29. Rf2 Nf5 30. Ng2 h6 31. Qf4 Rxf6 32. g4
g5 33. Qe5 Kg7 34. gxf5 Qh5 35. h4 gxh4 36. Nf4 Qxf5 37. Rg2+ Kh7 38. Qe7
Rg8 39. Rxg8 Kxg8 40. Qe8+ Kg7 41. Ng2 Qf1+ 42. Kh2 Rf2 43. Qe5+ Kf8 44.
Qe4 h3 45. Kxh3 Qh1+ 46. Kg3 Rxg2+ 47. Qxg2 Qxg2+ 48. Kxg2 Kg7 49. d5 Kf6
50. c4 Ke5 51. b3 Kd4 52. b4 Kxc4 53. a3 Kxd5 54. Kf2 Kc4 55. Kf3 Kb3 56.
Kf4 Kxa3 57. b5 Kb4 58. Kf5 Kxb5 59. Kf6 h5 60. Kxf7 h4 61. Kg6 h3 62. Kg5
h2 63. Kf5 h1=Q 64. Ke6 Qe4+ 65. Kd7 Qe5 66. Kc8 c5 67. Kxb7 Qd6 68. Kxa7
c4 69. Kb7 c3 70. Ka7 c2 71. Kb7 c1=R 72. Ka7 Rc7+ 73. Kb8 Qd8# { White
checkmated } 0-1

[Event "ICC tourney 2520 (60 10)"]
[Site "Internet Chess Club"]
[Date "2021.04.18"]
[Round "6"]
[White "OWUSU-BOAKYE, NANA:NanaKwame102012"]
[Black "CAO, ELIZABETH YEHENG:LizCao"]
[Result "1-0"]
[ICCResult "Black resigns"]
[WhiteElo "532"]
[BlackElo "371"]
[Opening "Two knights defense"]
[ECO "C57"]
[NIC "KP.01"]
[Time "16:33:52"]
[PlyCount "43"]
[TimeControl "3600+10"]

1. e4 e5 2. Nf3 Nc6 3. Bc4 Nf6 4. Ng5 d5 5. exd5 Nxd5 6. Qf3 Be6 7. Nxe6
fxe6 8. Nc3 Nb6 9. Bxe6 Qd6 10. Nb5 Qxe6 11. Nxc7+ Kd7 12. Nxe6 Kxe6 13.
O-O Nd4 14. Qd3 Kf7 15. Re1 Ne6 16. Rxe5 Re8 17. Qf5+ Kg8 18. Rxe6 g6 19.
Qf6 Rc8 20. b3 Bc5 21. Bb2 Rc7 22. Re8+ { Black resigns } 1-0